 Dungeon Crawl Stone Soup version 0.29.1-2-gbd0b4ee654 (webtiles) character file.

Game seed: 1410359575555835057

174271 leafyfresh the Thaumaturge (level 18, -8/122 HPs)
             Began as a Djinni Ice Elementalist on Nov 23, 2022.
             Was the Champion of Makhleb.
             Mangled by a spatial maelstrom (16 damage)
             ... on level 4 of the Abyss on Nov 24, 2022.
             The game lasted 03:13:59 (29614 turns).

leafyfresh the Thaumaturge (DjIE)                  Turns: 29614, Time: 03:13:59

Health: -8/122     AC: 17    Str:  5    XL:     18   Next: 71%
Gold:   3576       EV: 33    Int: 24    God:    Makhleb [******] SH:  0 Dex: 15

rFire   x . .      SeeInvis .     - Unarmed
rCold   + . .      Faith    .   (shield currently unavailable)
rNeg    . . .      Spirit   .   (body armour currently unavailable)
rPois   ∞          Reflect  .   (helmet currently unavailable)
rElec   +          Harm     .   (cloak currently unavailable)
rCorr   .          Rampage  .   (gloves currently unavailable)
Will    +....                   (boots unavailable)
Stlth   ++++......              p - amulet of regeneration
HPRegen 1.10/turn               I - ring of the Hare {EV+8}
MPRegen 0.00/turn               d - ring "Unim" {Ice rPois Str-2 Slay+2}

@: storm-form, blinkbolt cooldown, flying, hasted, studying Staves, invisible,
unable to read, very quick
A: cleaving, insubstantial, flying, sickness immunity, (fire resistance 2),
(cold vulnerability 1), float, innate caster, HP casting, extra vitality 1,
(antennae 1), (claws 2), inability to read after injury 1
a: Blinkbolt, End Transformation, Renounce Religion, Minor Destruction, Lesser
Servant of Makhleb, Major Destruction, Greater Servant of Makhleb


You were on level 4 of the Abyss.
You worshipped Makhleb.
Makhleb was exalted by your worship.
You were a lightning-filled tempest!
You visited 7 branches of the dungeon, and saw 28 of its levels.
You visited the Abyss 1 time.
You also visited: Gauntlet and Volcano.

You collected 3576 gold pieces.

Inventory:

Missiles
 x - 6 atropa-tipped darts (quivered)
Armour
 c - a +0 pair of gloves (melded)
 H - a +2 cloak (melded)
 Y - the +1 troll leather armour of Transparent Liberty (melded) {rF+ rC++ Will- Regen+ SInv}
   (You found it in a Gauntlet)

   rF:        It protects you from fire.
   rC:        It greatly protects you from cold.
   SInv:      It lets you see invisible.
   Regen:     It increases your rate of health regeneration.
   Will:      It decreases your willpower.
Magical Staves
 y - a staff of cold (melded)
Jewellery
 d - the ring "Unim" (right fist) {Ice rPois Str-2 Slay+2}
   (You found it in a Gauntlet)

   [ring of ice]

   It enhances your ice magic.
   Str:       It affects your strength (-2).
   Slay:      It affects your accuracy & damage with ranged weapons and melee
   (+2).
   rF:        It makes you vulnerable to fire.
   rC:        It protects you from cold.
   rPois:     It protects you from poison.
 k - a +4 ring of protection
 o - a ring of see invisible
 p - an amulet of regeneration (around neck)
 I - the ring of the Hare (left fist) {EV+8}
   (You found it on level 7 of the Dungeon)

   [ring of evasion]

   EV:        It affects your evasion (+8).
 P - a ring of resist corrosion
 V - a +6 ring of dexterity
Wands
 s - a wand of mindburst (6)
 t - a wand of polymorph (4)
 z - a wand of digging (19)
 A - a wand of roots (2)
 U - a wand of quicksilver (20)
Scrolls
 b - 2 scrolls of magic mapping
 e - 6 scrolls of teleportation
 h - 7 scrolls of silence
 i - a scroll of torment
 u - 2 scrolls of identify
 w - 3 scrolls of poison
 F - 9 scrolls of butterflies
 G - a scroll of brand weapon
 K - 3 scrolls of fear
 O - 4 scrolls of enchant weapon
 Q - a scroll of summoning
Potions
 f - 3 potions of heal wounds
 g - a potion of invisibility
 j - 5 potions of cancellation
 l - 10 potions of curing
 n - a potion of ambrosia
 q - 6 potions of lignification
 v - 3 potions of attraction
 D - 3 potions of might
 M - 2 potions of brilliance
 N - 6 potions of haste
Miscellaneous
 a - a tin of tremorstones (inert)
 m - a phantom mirror
 r - a condenser vane
 C - a phial of floods (inert)
 W - a phial of floods (inert)
 X - a phial of floods (inert)
 Z - a tin of tremorstones (inert)


   Skills:
 - Level 9.3 Fighting
 - Level 2.2(4.5) Maces & Flails
 - Level 6.6(6.9) Staves
 - Level 8.6 Armour
 - Level 11.4 Dodging
 - Level 8.1 Stealth
 - Level 12.2 Unarmed Combat
 + Level 14.1 Spellcasting
 - Level 10.6 Invocations
 - Level 8.0 Evocations


You had 2 spell levels left.
You knew the following spells:

 Your Spells              Type           Power      Damage    Failure   Level
a - Freeze                Ice            100%       1d11      0%          1
b - Frozen Ramparts       Ice            100%       1d16      1%          3
c - Ozocubu's Armour      Ice            91%        N/A       1%          3
d - Hailstorm             Conj/Ice       91%        3d18      1%          4
e - Sting                 Tmut/Pois      100%       1d8       0%          1
f - Passwall              Tmut/Erth      59%        N/A       0%          2
g - Ensorcelled Hibernat  Hex/Ice        100%       N/A       0%          2
h - Dispel Undead         Necr           71%        3d24      1%          4
i - Yara's Violent Unrav  Hex/Tmut       35%        3d14      1%          5
j - Blade Hands           Tmut           35%        N/A       1%          5
k - Conjure Ball Lightni  Conj/Air       35%        3x3d11    1%          6
l - Storm Form            Tmut/Air       35%        N/A       9%          7
Your spell library was empty.

Dungeon Overview and Level Annotations

Branches:
Dungeon (14/15)            Temple (1/1) D:4            Lair (5/5) D:9
  Swamp (0/4) Lair:3       Spider (4/4) Lair:2        Slime (1/5) Lair:4
    Orc (2/2) D:11            Elf (1/3) Orc:2        Vaults (0/5) D:13
Volcano (visited)         Gauntlet (visited)

Altars:
Ashenzari
Cheibriados
Dithmenos
Elyvilon
Fedhas
Gozag
Hepliaklqana
Makhleb
Nemelex Xobeh
Okawaru
Qazlal
Ru
Trog
Uskayaw
Wu Jian
Xom
Yredelemnul
Zin
The Shining One

Shops:
D:4 *   Orc:2 (*((

Portals:
Abyss: Lair:1

Annotations:
Lair:1 2 transporters, xian's ghost, journeyman DsAK
Lair:5 exclusion: oklob plant
Spider:4 Agnes


Innate Abilities, Weirdness & Mutations

You are a lightning-filled tempest!
Your electrical attacks strike out in all directions at once.
You are incredibly evasive.
Your insubstantial body is immune to petrification, constriction, and being set on fire You are flying.
Your armour is entirely melded.
You are incapable of wielding weapons or throwing items.
You are immune to sickness and miasma.
You are immune to poison.
((Your flesh is very heat resistant. (rF++)))
((You are vulnerable to cold. (rC-)))
You float through the air rather than walking.
You learn spells naturally, not from books.
Your magical power is your life essence.
You have superior vitality. (+4 MHP)
((You have a pair of small antennae on your head.))
((You have very sharp fingernails.))
You occasionally lose the ability to read scrolls when taking damage.


Message History

The hail pelts the bone dragon but does no damage.
The bone dragon is moderately damaged.
The hail pelts the tormentor!!
The tormentor is severely wounded.
The hail pelts the spatial vortex!!
The spatial vortex partially resists.
The spatial vortex dissipates!
* * * LOW HITPOINT WARNING * * *
The spatial vortex barely misses you. The tormentor completely misses you. x2
A spatial vortex comes into view.
Unknown command.
You can read scrolls again.
You feel energetic enough to blinkbolt again.
The cacodemon hits you but does no damage.
The cacodemon completely misses you.
Unknown command.
The cacodemon completely misses you. x2
The cacodemon gestures next to the worldbinder.
Some rock shatters into small pieces.
The worldbinder completely misses you. x2
Your balrug barely misses the tormentor.
The spatial vortex completely misses you.
Unknown command.
Aiming: Blinkbolt
Press: ? - help, Dir - move target, f - spatial vortex
Aim: a spatial vortex (heavily damaged, unable to see you, 97% to hit)
The shock of your passage hits the spatial vortex!
The spatial vortex resists.
The spatial vortex is severely damaged.
The shock of your passage hits the spatial vortex!
The spatial vortex resists.
The spatial vortex is severely damaged.
You blink.
The spatial maelstrom hits your balrug!
Your balrug blinks!
A spatial vortex comes into view.
Unknown command.
The spatial maelstrom hits you.
* * * LOW HITPOINT WARNING * * *
Space warps horribly around you!
You feel threatened and lose the ability to read scrolls!
You die...

. .. .. ... .. ..
... ######### ##
#⌠
############.....
#########.§.......
##.##.#v.v.2. #...
#v..~~D.2.........
#v..~v~22. .#.....
#...~v~§v.......†.
##..v.##......#...
##########v.......
###########..v .
################⌠
..


You could see a bone dragon, 2 cacodemons, 2 spatial maelstroms, 4 spatial
vortices and a tormentor (wandering, unable to see you).

Vanquished Creatures
  Roxanne (Spider:2)
  Donald (Spider:1)
  3 ghost moths
  A broodmother (Spider:3)
  4 entropy weavers
  A minotaur (Gauntlet)
  Azrael (D:13)
  An ettin (Orc:1)
  A blizzard demon (Gauntlet)
  4 hydras
  3 radroaches (Spider:2)
  3 vault guards (D:13)
  6 boulder beetles
  A catoblepas (Lair:5)
  2 two-headed ogres
  2 jorogumos (Spider:3)
  A dancing weapon (Elf:1)
  9 death yaks (Lair:2)
  2 large abominations (Abyss:3)
  An orc high priest (Orc:2)
  Amaemon (D:10)
  A fire crab (Gauntlet)
  A sun moth (Spider:2)
  9 steelbarb worms
  2 spatial maelstroms (Abyss:4)
  4 pharaoh ants
  A swamp dragon (shapeshifter) (D:13)
  2 deep elf archers
  9 orb spiders
  2 lindwurms (Lair:5)
  An ugly thing (D:12)
  2 deep elf zephyrmancers (Elf:1)
  An orc knight (Orc:2)
  12 deep elf pyromancers
  10 wolf spiders
  3 manticores
  5 orc sorcerers
  2 worldbinders
  3 cyclopes
  2 moths of wrath
  A rust devil (Abyss:3)
  Maurice (D:13)
  6 black mambas
  13 elephants
  An orange demon (D:10)
  A gargoyle (D:10)
  8 cane toads
  6 torpor snails
  5 rime drakes
  An unseen horror (D:12)
  An ancient zyme (Abyss:3)
  4 komodo dragons
  8 trolls
  17 slime creatures
  A meliai (Spider:4)
  4 polar bears
  18 tarantellas
  Prince Ribbit (D:5)
  2 raiju (Abyss:3)
  A wolf spider simulacrum (D:13)
  2 hornets (Lair:5)
  17 blink frogs
  11 dream sheep
  Sigmund (D:2)
  31 jumping spiders
  A shadow (D:12)
  3 wraiths
  6 wyverns
  50 yaks
  15 culicivoras
  4 fire bats (Gauntlet)
  A vampire (D:12)
  12 fire elementals
  A water elemental (D:13)
  5 basilisks
  59 redbacks
  A steam dragon (D:7)
  8 humans (D:13)
  A chaos spawn (Abyss:4)
  Edmund (D:5)
  8 spatial vortices (Abyss:4)
  5 wargs
  An acid dragon (D:10)
  10 hell hounds
  14 water moccasins
  A sky beast (D:6)
  3 ice beasts (D:13)
  2 black bears (D:5)
  16 orc warriors
  3 ogres
  44 wolves
  12 centaurs
  9 bullfrogs
  2 kobold brigands
  2 gnoll sergeants
  3 scorpions
  2 necrophages
  5 wights
  A vampire bat (D:8)
  4 howler monkeys
  3 electric eels (D:7)
  A hound (D:7)
  A gnoll bouda (D:8)
  22 orc priests
  4 iguanas
  Ijyb (D:4)
  32 orc wizards
  10 adders
  18 gnolls
  2 shadow imps (D:7)
  6 white imps
  An ufetubus (D:6)
  2 adder zombies (D:3)
  A dart slug (D:1)
  49 orcs
  5 ball pythons
  6 endoplasms
  13 goblins
  9 hobgoblins
  10 jackals
  12 kobolds
  A quokka (D:4)
  2 ball python zombies (D:3)
  9 bats
  8 frilled lizards
  6 rats
  A ball lightning (Orc:2)
  2 starspawn tentacles (Abyss:3)
835 creatures vanquished.

Vanquished Creatures (collateral kills)
  A wizard (Abyss:3)
  A deep elf pyromancer (D:13)
  2 orc sorcerers (Orc:2)
  A black mamba (shapeshifter) (Abyss:4)
  2 smoke demons (Abyss:3)
  A hornet (shapeshifter) (Abyss:4)
  A blink frog (Abyss:3)
  A flying skull (Abyss:3)
  A redback (Spider:1)
  A small abomination (Abyss:3)
  A wight (Abyss:3)
  11 ball lightnings
24 creatures vanquished.

Vanquished Creatures (others)
  A vault guard (D:13)
  A raiju (Abyss:3)
  93 ball lightnings
  A bush (Lair:2)
  A butterfly (D:3)
  69 fungi
  48 plants
214 creatures vanquished.

Grand Total: 1073 creatures vanquished

Notes
Turn   | Place    | Note
-------+----------+-------------------------------------------
     0 | D:1      | leafyfresh the Djinni Ice Elementalist began the quest for
                  | the Orb.
     0 | D:1      | leafyfresh set off with the following spells memorised:
                  | Freeze, Frozen Ramparts, Ozocubu's Armour, Hailstorm.
     0 | D:1      | Reached XP level 1. HP: 15/15 MP: 0/0
   412 | D:1      | Reached XP level 2. HP: 17/21 MP: 0/0
  1275 | D:1      | Reached XP level 3. HP: 20/25 MP: 0/0
  1275 | D:1      | Learned a level 1 spell: Sting
  2120 | D:2      | Found a faded altar of an unknown god.
  2123 | D:2      | Noticed Sigmund
  3181 | D:3      | Found a basalt altar of Yredelemnul.
  3222 | D:3      | Reached XP level 4. HP: 5/31 MP: 0/0
  3737 | D:3      | Found a shadowy altar of Dithmenos.
  4020 | D:3      | Found a white marble altar of Elyvilon.
  4027 | D:3      | Reached skill level 4 in Spellcasting
  4386 | D:3      | Reached XP level 5. HP: 35/35 MP: 0/0
  4386 | D:3      | Learned a level 2 spell: Passwall
  4570 | D:4      | Found a shimmering altar of Xom.
  4584 | D:4      | Found a staircase to the Ecumenical Temple.
  4650 | Temple   | Entered the Ecumenical Temple
  4711 | Temple   | Became a worshipper of Makhleb the Destroyer
  4836 | D:4      | Noticed an ogre
  4847 | D:4      | Killed an ogre
  4848 | D:4      | Reached XP level 6. HP: 15/40 MP: 0/0
  4953 | D:4      | Reached skill level 5 in Dodging
  5011 | D:4      | Found a broken altar of Ashenzari.
  5084 | D:4      | Found an opulent altar of Gozag.
  5088 | D:4      | Found Gozag's Platinum Reserve.
  5373 | D:4      | Noticed Ijyb
  5409 | D:4      | Killed Ijyb
  5499 | D:5      | Entered Level 5 of the Dungeon
  5514 | D:5      | Noticed a black bear
  5532 | D:5      | Killed a black bear
  5533 | D:5      | Reached skill level 1 in Fighting
  5533 | D:5      | Reached XP level 7. HP: 38/47 MP: 0/0
  5533 | D:5      | Learned a level 2 spell: Ensorcelled Hibernation
  5698 | D:2      | Killed Sigmund
  5699 | D:2      | Reached skill level 5 in Spellcasting
  6481 | D:5      | Found a hide-covered altar of Uskayaw.
  6490 | D:5      | Reached * piety under Makhleb
  6546 | D:5      | Found a hazy altar of Hepliaklqana.
  6612 | D:5      | Reached XP level 8. HP: 49/55 MP: 0/0
  6626 | D:5      | Found an iron altar of Okawaru.
  6634 | D:5      | Identified the +3 spear of Tenacity {drain, Stlth+}
  6717 | D:5      | Noticed Prince Ribbit
  6731 | D:5      | Killed Prince Ribbit
  6779 | D:5      | Found a glowing silver altar of Zin.
  7072 | D:5      | Noticed Edmund
  7086 | D:5      | Killed Edmund
  7445 | D:6      | Noticed a yak
  7452 | D:6      | Killed a yak
  7453 | D:6      | Reached skill level 6 in Spellcasting
  7453 | D:6      | Reached XP level 9. HP: 57/63 MP: 0/0
  7453 | D:6      | Learned a level 4 spell: Dispel Undead
  7494 | D:6      | Reached skill level 5 in Fighting
  7969 | D:7      | Found the ring of the Hare {EV+8}
  8408 | D:7      | Reached skill level 1 in Invocations
  8615 | D:7      | Reached XP level 10. HP: 51/72 MP: 0/0
  8977 | D:8      | Reached skill level 7 in Spellcasting
  9042 | D:7      | Reached ** piety under Makhleb
  9478 | D:9      | Noticed a two-headed ogre
  9484 | D:9      | Killed a two-headed ogre
  9485 | D:9      | Reached skill level 10 in Dodging
  9508 | D:9      | Found a sacrificial altar of Ru.
  9724 | D:9      | Found a staircase to the Lair.
  9751 | D:9      | Reached skill level 5 in Invocations
 10068 | D:9      | Reached *** piety under Makhleb
 10151 | D:9      | Reached skill level 8 in Spellcasting
 10151 | D:9      | Reached XP level 11. HP: 71/76 MP: 0/0
 10151 | D:9      | Learned a level 5 spell: Yara's Violent Unravelling
 10182 | D:10     | Entered Level 10 of the Dungeon
 10211 | D:10     | Identified a scroll of acquirement
 10211 | D:10     | Acquired 989 gold pieces
 10591 | D:10     | Noticed Amaemon
 10600 | D:11     | Found a staircase to the Orcish Mines.
 10642 | D:11     | Noticed a cyclops
 10644 | D:11     | Killed a cyclops
 10800 | D:11     | Found a broken altar of Ashenzari.
 11078 | D:11     | Reached skill level 1 in Armour
 11079 | D:11     | Reached **** piety under Makhleb
 11291 | D:12     | Identified the +1 leather armour of Classification {rPois
                  | rN+ Int+4}
 11361 | Orc:1    | Entered Level 1 of the Orcish Mines
 11464 | Orc:2    | Entered Level 2 of the Orcish Mines
 11602 | Orc:2    | Noticed an orc sorcerer
 11793 | Orc:1    | Noticed an orc sorcerer
 11793 | Orc:1    | Noticed a two-headed ogre
 11984 | Lair:1   | Entered Level 1 of the Lair of Beasts
 12040 | Lair:1   | Reached skill level 9 in Spellcasting
 12040 | Lair:1   | Reached XP level 12. HP: 80/84 MP: 0/0
 12418 | Lair:1   | Found a one-way gate to the infinite horrors of the Abyss.
 12418 | Lair:1   | Noticed xian's ghost (journeyman DsAK)
 12418 | Lair:1   | Noticed a rakshasa
 12460 | Lair:1   | Noticed a thrashing horror
 12524 | Lair:1   | Noticed a hell hog
 12525 | Lair:1   | Found a transporter.
 12530 | Lair:1   | Noticed a spriggan rider
 12594 | Lair:1   | Found a transporter.
 12831 | Lair:2   | Reached ***** piety under Makhleb
 12901 | Lair:2   | Noticed a death yak
 12901 | Lair:2   | Noticed a death yak
 12902 | Lair:2   | Noticed a death yak
 12902 | Lair:2   | Noticed a death yak
 12983 | Lair:2   | Found a hole to the Spider Nest.
 13000 | Lair:2   | Reached skill level 5 in Armour
 13009 | Lair:2   | Reached skill level 5 in Stealth
 13385 | Lair:2   | Noticed a death yak
 13386 | Lair:2   | Noticed a death yak
 13387 | Lair:2   | Noticed a death yak
 13387 | Lair:2   | Noticed a death yak
 13397 | Lair:2   | Noticed a death yak
 13398 | Lair:2   | Killed a death yak
 13399 | Lair:2   | Reached XP level 13. HP: 85/90 MP: 0/0
 13399 | Lair:2   | Learned a level 5 spell: Blade Hands
 13401 | Lair:2   | Reached skill level 10 in Spellcasting
 13826 | Lair:3   | Found a dark tunnel.
 13835 | Volcano  | Entered a volcano
 14216 | Lair:3   | Noticed a boulder beetle
 14233 | Lair:3   | Killed a boulder beetle
 14322 | Lair:3   | Found a staircase to the Swamp.
 14690 | Lair:3   | Reached skill level 1 in Unarmed Combat
 14900 | Lair:4   | Noticed a boulder beetle
 15007 | Lair:4   | Reached XP level 14. HP: 96/96 MP: 0/0
 15093 | Lair:4   | Found a staircase to the Slime Pits.
 15170 | Lair:4   | Reached ****** piety under Makhleb
 15295 | Lair:4   | Reached skill level 5 in Unarmed Combat
 15858 | Slime:1  | Entered Level 1 of the Pits of Slime
 16034 | Lair:5   | Entered Level 5 of the Lair of Beasts
 17139 | Lair:5   | Reached skill level 10 in Unarmed Combat
 17342 | Lair:5   | Reached skill level 1 in Evocations
 17347 | Lair:5   | Reached XP level 15. HP: 88/101 MP: 0/0
 17347 | Lair:5   | Learned a level 6 spell: Conjure Ball Lightning
 18668 | Orc:2    | Found Gelir's General Store.
 18668 | Orc:2    | Found Laseawo's Antique Weapon Emporium.
 19493 | Orc:2    | Found a staircase to the Elven Halls.
 19809 | Orc:2    | Found Duiruo's Antique Weapon Shoppe.
 19809 | Orc:2    | Found Ebrir's Weapon Shoppe.
 20024 | Elf:1    | Entered Level 1 of the Elven Halls
 20041 | Elf:1    | Reached skill level 5 in Evocations
 20545 | Orc:1    | HP: 2/101 [ettin/+0 dire flail (34)]
 21615 | D:13     | Noticed Maurice
 21648 | D:13     | Killed Maurice
 21733 | D:13     | Reached skill level 10 in Invocations
 21798 | D:13     | Found a gate leading to a gauntlet.
 21807 | Gauntlet | Entered a Gauntlet
 21807 | Gauntlet | Found a transporter.
 21814 | Gauntlet | Found a runed translucent door.
 21816 | Gauntlet | Found a transporter.
 21818 | Gauntlet | Found a runed translucent door.
 21832 | Gauntlet | Found a transporter.
 21836 | Gauntlet | Found a transporter.
 21857 | Gauntlet | Found a transporter.
 21870 | Gauntlet | Found a transporter.
 21884 | Gauntlet | Found a transporter.
 21913 | Gauntlet | Found a transporter.
 21913 | Gauntlet | Found a transporter.
 21918 | Gauntlet | Found a transporter.
 21941 | Gauntlet | Found a transporter.
 21945 | Gauntlet | Found a transporter.
 22079 | Gauntlet | Identified the ring "Unim" {Ice rPois Str-2 Slay+2}
 22143 | Gauntlet | Identified the +1 pair of boots "Vualeucs" {rC+ Regen+
                  | Str+6 Stlth+}
 22197 | Gauntlet | Identified the +7 whip of Impatience {vorpal, rC+ Will+}
 22197 | Gauntlet | Identified the +1 troll leather armour of Transparent
                  | Liberty {rF+ rC++ Will- Regen+ SInv}
 22197 | Gauntlet | Identified the -1 pair of boots of Omission {Int+2}
 22203 | Gauntlet | Gained mutation: You are weak. (Str -2) [potion of
                  | mutation]
 22204 | Gauntlet | Lost mutation: You are weak. (Str -2) [potion of mutation]
 22204 | Gauntlet | Gained mutation: Your flesh is almost immune to the effects
                  | of heat. (rF+++) [potion of mutation]
 22204 | Gauntlet | Gained mutation: You are strong-willed. (Will+) [potion of
                  | mutation]
 22205 | Gauntlet | Lost mutation: You are strong-willed. (Will+) [potion of
                  | mutation]
 22205 | Gauntlet | Lost mutation: Your flesh is almost immune to the effects
                  | of heat. (rF+++) [potion of mutation]
 22205 | Gauntlet | Gained mutation: Your muscles are strong. (Str +4, Int/Dex
                  | -1) [potion of mutation]
 22205 | Gauntlet | Gained mutation: You have a pair of small antennae on your
                  | head. [potion of mutation]
 22205 | Gauntlet | Gained mutation: You are partially covered in iridescent
                  | scales. (AC +2) [potion of mutation]
 22205 | Gauntlet | Gained mutation: Your spells are a little harder to cast,
                  | but a little more powerful. [potion of mutation]
 22206 | Gauntlet | Lost mutation: Your spells are a little harder to cast, but
                  | a little more powerful. [potion of mutation]
 22206 | Gauntlet | Lost mutation: Your muscles are strong. (Str +4, Int/Dex
                  | -1) [potion of mutation]
 22206 | Gauntlet | Lost mutation: You are partially covered in iridescent
                  | scales. (AC +2) [potion of mutation]
 22206 | Gauntlet | Gained mutation: You are weak. (Str -2) [potion of
                  | mutation]
 22206 | Gauntlet | Gained mutation: You have sharp fingernails. [potion of
                  | mutation]
 22400 | D:13     | Noticed Azrael
 22407 | D:13     | Killed Azrael
 22408 | D:13     | Reached XP level 16. HP: 104/107 MP: 0/0
 22499 | D:13     | Found a gate to the Vaults.
 22534 | D:13     | Reached skill level 1 in Staves
 22935 | D:13     | Reached skill level 5 in Staves
 23631 | D:10     | Killed Amaemon
 25200 | Spider:1 | Entered Level 1 of the Spider Nest
 25205 | Spider:1 | Reached skill level 11 in Spellcasting
 25588 | Spider:1 | Noticed Donald
 25720 | Spider:1 | Killed Donald
 26038 | Spider:1 | Got the Grimoire of Transmutation
 26173 | Spider:2 | Reached skill level 12 in Spellcasting
 26967 | Spider:2 | Identified Roxanne's Disquisition on the Lithosphere
 26967 | Spider:2 | Noticed Roxanne
 27024 | Spider:2 | Reached XP level 17. HP: 115/115 MP: 0/0
 27024 | Spider:2 | Learned a level 7 spell: Storm Form
 27400 | Spider:2 | Reached XP level 18. HP: 122/122 MP: 0/0
 27784 | Spider:2 | Killed Roxanne
 28306 | Spider:3 | Gained mutation: You are frail. (-10% HP) [mutagenic glow]
 28309 | Spider:3 | Reached skill level 13 in Spellcasting
 28786 | Spider:3 | Lost mutation: You are frail. (-10% HP) [potion of
                  | mutation]
 28786 | Spider:3 | Lost mutation: You are weak. (Str -2) [potion of mutation]
 28786 | Spider:3 | Gained mutation: You occasionally lose the ability to read
                  | scrolls when taking damage. [potion of mutation]
 28786 | Spider:3 | Gained mutation: You have very sharp fingernails. [potion
                  | of mutation]
 28794 | Spider:4 | Entered Level 4 of the Spider Nest
 29114 | Spider:4 | Noticed Agnes
 29119 | Abyss:2  | Cast into level 2 of the Abyss (Agnes)
 29191 | Abyss:3  | Found a corrupted altar of Lugonu.
 29411 | Abyss:3  | Reached skill level 14 in Spellcasting
 29420 | Abyss:3  | Found a corrupted altar of Lugonu.
 29420 | Abyss:3  | Noticed a tentacled monstrosity
 29581 | Abyss:4  | Noticed a bone dragon
 29598 | Abyss:4  | HP: 5/122 [spatial maelstrom (10)]
 29598 | Abyss:4  | HP: 1/122 [spatial maelstrom (4)]
 29614 | Abyss:4  | Mangled by a spatial maelstrom

Illustrated notes

Levels and vault maps discovered:
D:1:      eino_arrival_cavern_e, layout_basic
D:2:      layout_basic, hellmonk_ecumenical_altar_slurped_away, minivault_24,
          minmay_tromino_mix6, uniq_sigmund
D:3:      layout_basic, mainiacjoe_overflow_concentric_impassable,
          nicolae_elyvilon_peaceful_grove, nicolae_yredelemnul_corpse_copse,
          chequers_serial_rivers_micro_b
D:4:      kennysheep_the_goblin_king, layout_loops_ring, amcnicky_altar_gilded,
          nicolae_gozag_zags_fifth_avenue, mainiacjoe_overflow_chevrons,
          minmay_temple_entry_antechambers
D:5:      layout_loops_ring, okawaru_ov_weapons_minmay,
          mainiacjoe_overflow_six_doors_small,
          nicolae_uskayaw_murder_on_the_dancefloor,
          mainiacjoe_overflow_cross_hatched, chequers_big_river, st_stairs_7,
          serial_bayou_lagoon_a, chequers_garden, uniq_edmund,
          uniq_prince_ribbit1
D:6:      hangedman_cross_stitches, layout_cave_pools
D:7:      layout_basic, hangedman_abyss_or_decor_lesser_grid,
          chequers_serial_rivers_room_a, nicolae_concentric_dashed_squares_mild,
          water_maze_lemuel
D:8:      layout_rooms, roderic_batcave, reono_crystal_passage, chequers_avenue
D:9:      layout_loops_ring, nicolae_ru_great_annihilating_truth,
          lemuel_crystal_altar, erik_lair_orcish_takeover,
          kennysheep_flooded_box
D:10:     layout_basic, uniq_amaemon
D:11:     layout_loops_ring, orc_0_dummy, nicolae_ashenzari_skybound
D:12:     layout_loops_ring
D:13:     layout_irregular_city, ximxim_vaults_locker_room, serial_ice,
          serial_ice_b, serial_ice_k, serial_ice_e, serial_ice_n, serial_ice_h,
          serial_ice_g, serial_ice_c, serial_ice_f, gauntlet_entry_generic,
          uniq_azrael, uniq_maurice
D:14:     layout_cave_pools, serial_column_ruins, column_ruins_hut,
          column_ruins_hut, column_ruins_columns_corner,
          column_ruins_columns_corner, column_ruins_grid_1,
          column_ruins_columns_straight, column_ruins_columns_corner
Temple:   nicolae_temple_two_arcs
Lair:1:   layout_hall_layers, gammafunk_ghost_abyssal_escape
Lair:2:   layout_chaotic_city, spider_nest_entry_web_field, grunt_megastairs_3
Lair:3:   layout_regular_city, swamp_mist, enter_volcano_1, minivault_25,
          nzn_sisyphean_effort, infiniplex_staircase_pool_2
Lair:4:   layout_regular_city, slime_entry_1
Lair:5:   hangedman_lair_in_review, layout_regular_city
Spider:1: layout_spider_delve, guppyfry_spider_mini_2, uniq_donald
Spider:2: layout_chambers, nicolae_spider_nooks_and_crannies, uniq_roxanne
Spider:3: layout_spider_delve
Spider:4: hellmonk_spider_rune_bug_friends, uniq_agnes
Slime:1:  layout_caves, special_room [special_room_jelly]
Orc:1:    layout_diamond_mine
Orc:2:    st_orc_mages, layout_caves
Elf:1:    eino_elf_arrival_customs, layout_geoelf_grid,
          hangedman_corner_corridor, uniq_aizul, uniq_jorgrun
Abyss:4:  base: Crypt:2, bh_abyss_negative, minivault_25,
          evilmike_nicolae_abyss_rune_containment_curve

Skill      XL: |  1  2  3  4  5  6  7  8  9 10 11 12 13 14 15 16 17 18 |
---------------+-------------------------------------------------------+-----
Dodging        | 3 4 5 6 7 9 10 11 | 11.4
Spellcasting   | 4 5 6 8 9 10 12 14 | 14.1
Fighting       | 1 2 4 6 7 8 9 |  9.3
Invocations    | 1 5 6 7 10 | 10.6
Armour         | 2 6 8 |  8.6
Stealth        | 3 6 8 |  8.1
Unarmed Combat | 2 10 11 12 | 12.2
Evocations     | 1 7 8 |  8.0
Staves         | 6 |  6.6
Maces & Flails | 2 |  2.2

Action                   |  1- 3 |  4- 6 |  7- 9 | 10-12 | 13-15 | 16-18 || total
-------------------------+-------+-------+-------+-------+-------+-------++-------
Melee: Unarmed           |     9 |       |       |       |   198 |   373 ||   580
       Club              |    50 |    42 |       |       |       |       ||    92
       Punch             |     2 |     1 |     1 |     2 |    18 |    48 ||    72
       Staff             |       |    10 |    48 |    14 |    33 |    67 ||   172
Throw: Dart              |       |       |       |       |     2 |       ||     2
 Cast: Freeze            |    61 |    34 |    18 |    68 |    89 |     5 ||   275
       Frozen Ramparts   |       |    12 |    36 |    60 |    92 |    74 ||   274
       Ozocubu's Armour  |       |     4 |    22 |    30 |    78 |    63 ||   197
       Sting             |       |     4 |    35 |    21 |    23 |     9 ||    92
       Hailstorm         |       |     2 |    12 |   120 |   191 |   116 ||   441
       Dispel Undead     |       |       |     4 |     5 |       |       ||     9
       Ensorcelled Hiber |       |       |       |     7 |    16 |       ||    23
       Passwall          |       |       |       |     1 |       |       ||     1
       Blade Hands       |       |       |       |       |    30 |    35 ||    65
       Conjure Ball Ligh |       |       |       |       |    33 |    16 ||    49
       Yara's Violent Un |       |       |       |       |     6 |     2 ||     8
       Storm Form        |       |       |       |       |       |     9 ||     9
Invok: Lesser Servant of |       |       |       |       |     3 |       ||     3
       Minor Destruction |       |       |       |       |     2 |     1 ||     3
       Greater Servant o |       |       |       |       |     1 |     8 ||     9
       Major Destruction |       |       |       |       |       |     1 ||     1
 Abil: Blinkbolt         |       |       |       |       |       |     2 ||     2
Evoke: Wand              |       |       |       |     1 |       |       ||     1
       Phial of floods   |       |       |       |       |     1 |     1 ||     2
       Tin of tremorston |       |       |       |       |       |     2 ||     2
  Use: Scroll            |       |       |    13 |    12 |    11 |     4 ||    40
       Potion            |       |       |     1 |     5 |     6 |    10 ||    22
 Stab: Sleeping          |     3 |       |       |       |     1 |     1 ||     5
       Distracted        |       |     1 |       |       |       |     1 ||     2
       Invisible         |       |       |       |       |       |     1 ||     1
Armor: Robe              |    23 |    20 |       |       |       |       ||    43
       Leather armour    |       |       |    41 |    48 |   107 |       ||   196
       Troll leather arm |       |       |       |       |     1 |    88 ||    89
       Skin              |       |       |       |       |       |    33 ||    33
Dodge: Dodged            |    91 |    53 |    63 |   191 |   445 |   657 ||  1500
